Map: Ever Dream LE

Players

Massa - Winner!

  • Race: Terran Terran
  • League: Gold
  • Spawn Location: 7:00

VOD

Have the link to the VOD?

Description

Time

  • Played on: May 10, 2020, 4:37 a.m.
  • Length: 11:23
Show
View Real Time Build Order
Export as new Build Order

Massa Terran - Winner!

Build Orders:  

Get SALT Encoding   

  12  0:18  SCV  
  12  0:19  Supply Depot  
  13  0:35  SCV  
  14  0:51  Barracks  
  14  0:52  SCV  
  15  1:02  Refinery  
  15  1:09  SCV  
  16  1:20  Supply Depot  
  16  1:26  SCV  
  17  1:43  SCV  
  18  1:53  Refinery  
  18  2:00  SCV  
  18  2:05  Barracks Reactor  
  19  2:17  SCV  
  20  2:34  SCV  
  21  2:45  Factory  
  21  2:51  SCV  
  21  2:57  Supply Depot  
  21  2:59  Marine  
  23  3:00  Marine  
  23  3:08  SCV  
  25  3:24  Marine  
  25  3:25  Marine  
  28  3:47  Orbital Command  
  27  3:51  Starport, Factory Tech Lab  
  27  3:53  Marine x2  
  29  4:14  Supply Depot  
  29  4:18  Marine x2  
  31  4:22  Siege Tank  
  34  4:43  Marine x2, Medivac  
  38  4:58  Supply Depot  
  38  5:08  Marine x2  
  40  5:24  Siege Tank  
  40  5:25  Medivac  
  45  5:33  Marine x2  
  47  6:06  Marine x2  
  49  6:14  Command Center  
  49  6:25  Engineering Bay  
  49  6:31  Marine x2  
  36  7:15  Marine  
  36  7:16  Marine  
  37  7:31  SCV  
  37  7:38  Terran Infantry Weapons Level 1  
  38  7:40  Marine  
  38  7:41  Marine  
  38  7:44  Armory  
  38  7:48  SCV, Starport Reactor  
  41  7:51  Siege Tank  
  44  8:05  SCV, Marine  
  44  8:06  Marine  
  45  8:22  SCV  
  46  8:30  Marine  
  46  8:38  Marine  
  46  8:39  SCV  
  49  8:55  Marine  
  50  9:03  Marine  
  50  9:07  Medivac  
  53  9:11  Thor  
  53  9:15  SCV  
  60  9:20  Marine  
  60  9:32  SCV  
  60  9:48  SCV  
  61  10:05  SCV  
  62  10:11  Siege Tank  
  62  10:22  SCV  
  62  10:48  Marine x2  
Tags
 
League
Gold
Matchup
Co-op
Replay Pack
Multiplayer
Add a new tag
Caveats
  • Supply blocks, unpowered buildings, or Contaminate may cause inaccurate times.
  • Supply counts are checked every 10 seconds.